 Dungeon Crawl Stone Soup version 0.27-a0-972-gd1521fd518 (webtiles) character file.

Game seed: 13244309042338766361

235 Alarkh the Insei (level 5, -4/40 HPs)
             Began as a Demonspawn Transmuter on Apr 13, 2021.
             Slain by a hornet zombie (11 damage)
             ... on level 4 of the Dungeon.
             The game lasted 00:06:20 (3849 turns).

Alarkh the Insei (Demonspawn Transmuter)            Turns: 3849, Time: 00:06:21

Health: -4/40      AC:  5    Str: 11    XL:     5   Next: 76%
Magic:  7/9        EV: 12    Int: 15    God:
Gold:   189        SH:  0    Dex: 13    Spells: 2/10 levels left

rFire    . . .     SeeInvis .     - Unarmed
rCold    . . .     Faith    .   (no shield)
rNeg     . . .     Spirit   .   a - +0 robe
rPois    .         Reflect  .   (helmet currently unavailable)
rElec    .         Harm     .   k - +1 cloak {Stlth+}
rCorr    .         Rampage  .   (no gloves)
Will     .....                  (boots currently unavailable)
Stlth    ++........             (no amulet)
HPRegen  0.13/turn              (no ring)
MPRegen  0.11/turn              (no ring)

@: appendages
A: talons 2, antennae 1, rugged brown scales 1, powered by death 1
a: End Transformation


You were on level 4 of the Dungeon.
You had temporarily grown beastly talons.
You visited 1 branch of the dungeon, and saw 4 of its levels.

You collected 189 gold pieces.

Inventory:

Missiles
 f - 10 poisoned darts
Armour
 a - a +0 robe (worn)
 k - a +1 cloak of stealth (worn)
Jewellery
 l - a ring of willpower
Wands
 j - a wand of digging (2)
Scrolls
 c - a scroll of amnesia {unknown}
 g - a scroll of blinking {unknown}
 i - a scroll of teleportation {unknown}
 m - a scroll of identify {unknown}
 n - a scroll of magic mapping {unknown}
 o - a scroll of enchant weapon {unknown}
 p - a scroll of noise {unknown}
Potions
 b - 2 potions of curing
 e - a potion of haste {unknown}
 h - 2 potions of flight {unknown}


   Skills:
 + Level 2.6 Fighting
 - Level 1.7 Dodging
 * Level 4.3 Unarmed Combat
 + Level 3.0 Spellcasting
 + Level 2.8 Transmutations


You had 2 spell levels left.
You knew the following spells:

 Your Spells              Type           Power      Damage    Failure   Level
a - Beastly Appendage     Tmut           20%        N/A       6%          1
c - Spider Form           Tmut/Pois      3%         N/A       32%         3
d - Ice Form              Ice/Tmut       6%         N/A       73%         4

Your spell library contained the following spells:

 Spells                   Type           Power      Damage    Failure   Level
 Wereblood                Tmut           10%        N/A       10%         2
 Shock                    Conj/Air       8%         1d3       21%         1
 Swiftness                Air            2%         N/A       30%         2
 Static Discharge         Conj/Air       2%         N/A       52%         3
 Hydra Form               Tmut           5%         N/A       86%         5
 Airstrike                Air            1%         N/A       89%         4
 Lightning Bolt           Conj/Air       1%         1d12      99%         5


Dungeon Overview and Level Annotations

Branches:
Dungeon (4/15)
 Temple: D:4-7

Altars:

Shops:
D:3 =


Innate Abilities, Weirdness & Mutations

You have temporarily grown beastly talons.
You have a pair of small antennae on your head.
You are partially covered in rugged brown scales. (AC +1, +3% HP)
You regenerate a little health from kills.


Message History

You hit the hornet zombie.
You claw the hornet zombie, but do no damage.
The hornet zombie is heavily damaged.
The hornet zombie hits you. The hornet zombie misses you.
You closely miss the hornet zombie.
The hornet zombie is heavily damaged.
The hornet zombie hits you but does no damage.
You hit the hornet zombie. Your kick misses the hornet zombie.
The hornet zombie is heavily damaged.
The hornet zombie hits you.
You barely miss the hornet zombie.
The hornet zombie is heavily damaged.
The hornet zombie closely misses you.
You hit the hornet zombie.
You claw the hornet zombie, but do no damage.
The hornet zombie is heavily damaged.
The hornet zombie hits you.
You hit the hornet zombie.
The hornet zombie is heavily damaged.
The hornet zombie hits you!
* * * LOW HITPOINT WARNING * * *
You feel much better. The hornet zombie hits you. The hornet zombie misses you.
You hit the hornet zombie.
The hornet zombie is severely damaged.
The hornet zombie hits you.
You hit the hornet zombie but do no damage.
You claw the hornet zombie.
The hornet zombie is severely damaged.
The hornet zombie hits you.
You closely miss the hornet zombie. Your kick misses the hornet zombie.
The hornet zombie is severely damaged.
The hornet zombie hits you!
* * * LOW HITPOINT WARNING * * *
You feel better. The hornet zombie hits you.
* * * LOW HITPOINT WARNING * * *
You hit the hornet zombie but do no damage.
Your kick misses the hornet zombie.
The hornet zombie is severely damaged.
The hornet zombie misses you. The hornet zombie hits you!
You die...

#.# ... ..#
g.# ..# ..#
######..###..
#..@Z.....$..
#.####..###..
#.# ..# #.#
.... .) #.#
#...... ...
#.#
#...#####..#
#.# #.###
#..# #.# #.#
#..# #.# #.#
##..####


You could see a hornet zombie.

Vanquished Creatures
  Crazy Yiuf (D:3)
  An orc wizard (D:3)
  A hound skeleton (D:2)
  2 adders (D:2)
  5 river rats (D:3)
  5 worms
  5 orcs (D:3)
  4 bats
  7 endoplasms
  3 giant cockroaches
  5 goblins
  12 hobgoblins
  4 jackals
  5 quokkas
  6 ball pythons
  6 frilled lizards
  4 kobolds
  9 rats
85 creatures vanquished.

Notes
Turn   | Place    | Note
-------+----------+-------------------------------------------
     0 | D:1      | Alarkh the Demonspawn Transmuter began the quest for the
                  | Orb.
     0 | D:1      | Reached XP level 1. HP: 15/15 MP: 3/3
   449 | D:1      | Gained mutation: You regenerate a little health from kills.
                  | [demonic ancestry]
   449 | D:1      | Reached XP level 2. HP: 17/21 MP: 5/5
   484 | D:1      | Reached skill level 3 in Unarmed Combat
   921 | D:2      | Found a faded altar of an unknown god.
   937 | D:2      | Gained mutation: You are partially covered in rugged brown
                  | scales. (AC +1, +3% HP) [demonic ancestry]
   937 | D:2      | Reached XP level 3. HP: 14/27 MP: 6/6
  1253 | D:2      | Reached XP level 4. HP: 25/33 MP: 5/7
  1742 | D:3      | Found a runed translucent door.
  1743 | D:3      | Noticed Crazy Yiuf
  1865 | D:3      | Learned a level 3 spell: Spider Form
  1870 | D:3      | Learned a level 4 spell: Ice Form
  1898 | D:3      | Found Wofe's Jewellery Boutique.
  2321 | D:3      | Lost mutation: You have a pair of horns on your head.
                  | [demonic ancestry]
  2321 | D:3      | Lost mutation: You have a pair of small horns on your head.
                  | [demonic ancestry]
  2321 | D:3      | Gained mutation: You have a pair of small antennae on your
                  | head. [demonic ancestry]
  2321 | D:3      | Reached XP level 5. HP: 26/39 MP: 7/9
  2335 | D:3      | Reached skill level 4 in Unarmed Combat
  3477 | D:3      | Killed Crazy Yiuf
  3849 | D:4      | Slain by a hornet zombie

Illustrated notes

Levels and vault maps discovered:
D:1:      dpeg_arrival_tiny_d, layout_basic, kennysheep_minor_cross
D:2:      layout_rooms, hellmonk_ecumenical_altar_run_dry, minmay_tall_x
D:3:      layout_loops_ring, lightli_sewer_entry_pipes, serial_shops, shop,
          uniq_crazy_yiuf_cottage
D:4:      layout_loops_ring, serial_shops, shop

Skill      XL: |  1  2  3  4  5 |
---------------+----------------+-----
Unarmed Combat | 3 4 |  4.3
Transmutations | 2 |  2.8
Fighting       | 2 |  2.6
Spellcasting   | 3 |  3.0
Dodging        | |  1.7

Action                   |  1- 3 |  4- 6 || total
-------------------------+-------+-------++-------
Melee: Unarmed           |   129 |   186 ||   315
       Kick              |    23 |    30 ||    53
       Headbutt          |    14 |     4 ||    18
       Punch             |     1 |     1 ||     2
 Cast: Beastly Appendage |    27 |    25 ||    52
       Spider Form       |       |     5 ||     5
       Ice Form          |       |     1 ||     1
 Abil: End Transformatio |       |     1 ||     1
  Use: Potion            |       |     4 ||     4
 Stab: Sleeping          |     2 |     1 ||     3
Armor: Robe              |    21 |    14 ||    35
       Skin              |       |     1 ||     1
Dodge: Dodged            |    74 |    95 ||   169

Table legend: (Time is in decaauts)
 A = Elapsed time spent in this place.
 B = Non-inter-level travel time spent in this place.
 C = Inter-level travel time spent in this place.
 D = Time resting spent in this place.
 E = Time spent auto-exploring this place.
 F = Levels seen in this place.
 G = Mean time per level.
                   A        B        C        D        E       F      G
               +--------+--------+--------+--------+--------+-----+--------+
         Total |   3874 |   3755 |    119 |    518 |   2459 |   4 |  968.5 |
       Dungeon |   3874 |   3755 |    119 |    518 |   2459 |   4 |  968.5 |
               +--------+--------+--------+--------+--------+-----+--------+

Top non-repeatable levels by time:
     D:3: 1553 daAuts
     D:2: 1182 daAuts
     D:1: 878 daAuts
     D:4: 260 daAuts
